 Dungeon Crawl Stone Soup version 0.29.1-15-g9cfb28693d (webtiles) character file.

Game seed: 7588442590436769417

79 Calibrex the Chopper (level 4, 0/34 HPs)
             Began as a Demonspawn Gladiator on Mar 31, 2023.
             Slain by a gnoll
             ... wielding a +0 halberd
              (1 damage)
             ... on level 3 of the Dungeon.
             The game lasted 00:03:18 (2237 turns).

Calibrex the Chopper (Demonspawn Gladiator)         Turns: 2237, Time: 00:03:18

Health: 0/34       AC: 12    Str: 16    XL:     4   Next: 17%
Magic:  4/4        EV:  5    Int: 10    God:
Gold:   37         SH:  0    Dex: 14    Spells: 3/3 levels left

rFire   . . .      SeeInvis .   r - +4 quarterstaff
rCold   . . .      Faith    .   (shield currently unavailable)
rNeg    . . .      Spirit   .   k - +0 plate armour
rPois   .          Reflect  .   c - +0 helmet
rElec   .          Harm     .   (no cloak)
rCorr   .          Rampage  .   o - +0 pair of gloves
Will    .....                   (no boots)
Stlth   ..........              (no amulet)
HPRegen 0.11/turn               (no ring)
MPRegen 0.09/turn               (no ring)

@: no status effects
A: powered by pain 1
a: no special abilities


You were on level 3 of the Dungeon.
You visited 1 branch of the dungeon, and saw 3 of its levels.

You collected 37 gold pieces.

Inventory:

Hand Weapons
 a - a +0 war axe
 r - a +4 quarterstaff (weapon)
Missiles
 d - 3 throwing nets (quivered)
 e - a javelin
 n - 4 boomerangs
Armour
 c - a +0 helmet (worn)
 k - a +0 plate armour (worn)
 o - a +0 pair of gloves (worn)
Jewellery
 q - a ring of resist corrosion
Scrolls
 f - a scroll of poison {unknown}
 g - 2 scrolls of enchant armour {unknown}
 l - 2 scrolls of identify {unknown}
 m - a scroll of fear {unknown}
 p - 2 scrolls of vulnerability {unknown}
 s - a scroll of butterflies {unknown}
Potions
 b - 2 potions of invisibility {unknown}
 h - a potion of might {unknown}
 i - 2 potions of heal wounds {unknown}
 j - 2 potions of haste {unknown}


   Skills:
 + Level 2.6 Fighting
 - Level 3.1 Axes
 + Level 0.3 Staves
 + Level 2.4 Throwing
 + Level 1.2 Armour
 + Level 3.1 Dodging


You had 3 spell levels left.
You didn't know any spells.
Your spell library was empty.

Dungeon Overview and Level Annotations

Branches:
Dungeon (3/15)

Altars:


Innate Abilities, Weirdness & Mutations

You sometimes gain a little power by taking damage.


Message History

The bat hits you but does no damage. The bat barely misses you.
You barely miss the bat. The bat hits you but does no damage.
You barely miss the gnoll. The bat hits you but does no damage. x3
The gnoll hits you but does no damage.
You hit the gnoll.
The gnoll is moderately wounded.
The bat hits you but does no damage. The gnoll barely misses you.
A gnoll comes into view. It is wielding a +0 whip.
A gnoll comes into view. It is wielding a +0 halberd.
The gnoll hits you from afar with a +0 spear.
An adder comes into view.
The adder hisses angrily.
The gnoll shouts!
The bat hits you but does no damage. The gnoll hits you but does no damage.
The gnoll hits you with a +0 spear.
You hit the gnoll.
The gnoll is heavily wounded.
The bat hits you but does no damage. The gnoll hits you but does no damage.
The gnoll barely misses you.
The gnoll hits you but does no damage. x2
You sock the gnoll!
You kill the gnoll!
The bat hits you but does no damage. The bat barely misses you.
The gnoll hits you but does no damage. The bat hits you but does no damage.
You closely miss the bat. The bat hits you but does no damage.
The gnoll hits you from afar with a +0 halberd!
The gnoll barely misses you. The adder closely misses you.
You sock the adder!
The adder is almost dead.
The bat barely misses you.
The gnoll hits you from afar with a +0 halberd.
The gnoll hits you with a +0 whip. The gnoll hits you but does no damage.
The adder bites you but does no damage. The gnoll hits you with a +0 whip.
* * * LOW HITPOINT WARNING * * *
The gnoll hits you with a +0 club.
* * * LOW HITPOINT WARNING * * *
The gnoll hits you from afar with a +0 halberd!
* * * LOW HITPOINT WARNING * * *
The bat hits you but does no damage. The gnoll barely misses you.
The gnoll hits you from afar with a +0 halberd.
You die...

... ..( #......
... #...... ..
#......###.# #
#..........#.
#......#.... ..
#.......b# ....
#.......@###.....
#......Sg........
###....g.g.......
#.............#
#....$......#....
#................
#................
#...#...........#
#...#...........


You could see 3 gnolls, an adder and a bat.

Vanquished Creatures
  A gnoll (D:3)
  A worm (D:2)
  4 ball pythons
  7 bats
  4 endoplasms (D:1)
  A giant cockroach (D:2)
  10 goblins
  9 hobgoblins
  6 jackals (D:1)
  A quokka (D:2)
  5 frilled lizards
  5 kobolds
  6 rats
60 creatures vanquished.

Vanquished Creatures (others)
  A plant (D:1)
1 creature vanquished.

Grand Total: 61 creatures vanquished

Notes
Turn   | Place    | Note
-------+----------+-------------------------------------------
     0 | D:1      | Calibrex the Demonspawn Gladiator began the quest for the
                  | Orb.
     0 | D:1      | Reached XP level 1. HP: 16/16 MP: 1/1
   153 | D:1      | Gained mutation: You sometimes gain a little power by
                  | taking damage. [demonic ancestry]
   153 | D:1      | Reached XP level 2. HP: 16/22 MP: 2/2
   498 | D:1      | Found a faded altar of an unknown god.
   645 | D:1      | Reached XP level 3. HP: 28/28 MP: 3/3
  1476 | D:2      | Reached skill level 1 in Armour
  2149 | D:2      | Reached XP level 4. HP: 34/34 MP: 4/4
  2236 | D:3      | HP: 1/34 [gnoll/+0 halberd (8)]
  2237 | D:3      | Slain by a gnoll

Illustrated notes

Levels and vault maps discovered:
D:1:      dpeg_arrival_water_temple_mockup, layout_loops_ring,
          shapermc_ecumenical_altar_ellora, hex_tiny, st_stairs_8,
          hangedman_decor_points
D:2:      cheibrodos_greedy_goblins, layout_basic, minmay_misc_feat_x,
          nicolae_titane
D:3:      layout_basic, nzn_wu_jian_council_hall, minmay_distorted

Skill      XL: |  1  2  3 |
---------------+----------+-----
Throwing       | 2 |  2.4
Dodging        | 3 |  3.1
Axes           | 3 |  3.1
Armour         | 1 |  1.2
Fighting       | |  2.6
Staves         | |  0.3

Action                   |  1- 3 |  4- 6 || total
-------------------------+-------+-------++-------
Melee: War axe           |   105 |       ||   105
       Quarterstaff      |    15 |     9 ||    24
Armor: Plate armour      |    94 |    21 ||   115
Dodge: Dodged            |    37 |     9 ||    46
